 Dungeon Crawl Stone Soup version 0.30-a0-394-g3e4acdb0ae (webtiles) character file.

Game seed: 115109733179674638

179 bande the Covered (level 5, -1/33 HPs)
             Began as a Gargoyle Fighter on Dec 7, 2022.
             Killed by divine providence
             ... invoked by an orc priest
              (12 damage)
             ... on level 4 of the Dungeon.
             The game lasted 00:03:17 (2588 turns).

bande the Covered (Gargoyle Fighter)                Turns: 2588, Time: 00:03:18

Health: -1/33      AC: 14    Str: 20    XL:     5   Next: 59%
Magic:  5/5        EV:  7    Int:  8    God:
Gold:   90         SH:  4    Dex: 11    Spells: 4/4 levels left

rFire   . . .      SeeInvis .    a - +0 war axe
rCold   . . .      Faith    .    c - +0 buckler
rNeg    + . .      Spirit   .    x - +0 chain mail
rPois   ∞          Reflect  .    m - +0 helmet
rElec   +          Harm     .    (no cloak)
rCorr   .          Rampage  .    (no gloves)
Will    .....                    (no boots)
Stlth   ..........               (no amulet)
HPRegen 0.25/turn                (no ring)
MPRegen 0.09/turn                (no ring)

@: no status effects
A: sickness immunity, AC +4, negative energy resistance 1, electricity
resistance, torment resistance 1, petrification resistance
a: no special abilities


You were on level 4 of the Dungeon.
You visited 1 branch of the dungeon, and saw 4 of its levels.

You collected 90 gold pieces.

Inventory:

Hand Weapons
 a - a +0 war axe (weapon)
 g - a +0 flail
 s - a +0 flail
Armour
 c - a +0 buckler (worn)
 m - a +0 helmet (worn)
 x - a +0 chain mail (worn)
Jewellery
 r - a ring of willpower
 t - an amulet of the acrobat
Scrolls
 e - 2 scrolls of enchant weapon {unknown}
 f - 3 scrolls of poison {unknown}
 i - 2 scrolls of fear {unknown}
 l - a scroll of magic mapping {unknown}
 n - a scroll of brand weapon {unknown}
 o - a scroll of identify {unknown}
 q - a scroll of enchant armour {unknown}
 u - a scroll of immolation {unknown}
 v - a scroll of teleportation {unknown}
 w - a scroll of butterflies {unknown}
Potions
 b - a potion of flight {unknown}
 d - a potion of might
 h - a potion of magic {unknown}
 j - a potion of curing
 k - a potion of berserk rage {unknown}
 p - 2 potions of brilliance {unknown}


   Skills:
 + Level 4.1 Fighting
 + Level 3.5 Axes
 + Level 4.4 Armour
 + Level 4.0 Shields


You had 4 spell levels left.
You didn't know any spells.
Your spell library contained the following spells:

 Spells                   Type           Power      Damage    Failure   Level
 Kindle Blastsparks       Fire/Tloc/Air  0%         2d10      100%        3
 Fulminant Prism          Conj/Hex       0%         3d5       100%        4
 Iskenderun's Mystic Bla  Conj/Tloc      0%         2d3       100%        4
 Lee's Rapid Deconstruct  Erth           0%         3d4*      100%        5


Dungeon Overview and Level Annotations

Branches:
Dungeon (4/15)
 Temple: D:4-7

Altars:
Qazlal

Shops:
D:1 :


Innate Abilities, Weirdness & Mutations

You are immune to sickness and miasma.
Your stone body is resilient. (AC +4)
You are immune to poison.
You resist negative energy. (rN+)
You are resistant to electric shocks. (rElec)
You are resistant to unholy torment.
You are immune to petrification.


Message History

You are too injured to fight recklessly!
Unknown command.
You closely miss the orc priest.
The orc priest is lightly wounded.
You slash the orc wizard! You closely miss the orc priest.
You block the orc priest's attack.
The orc wizard hits you but does no damage.
The orc priest barely misses you.
You hit the orc priest.
The orc priest is moderately wounded.
You slash the orc priest! You closely miss the orc wizard.
The orc priest hits you but does no damage.
The orc wizard points at you and mumbles some strange words.
You are confused.
The orc priest completely misses you.
The orc priest hits you but does no damage.
The orc wizard hits you but does no damage.
The orc priest calls down the wrath of Beogh upon you.
Beogh smites you!
* * * LOW HITPOINT WARNING * * *
Unknown command.
You slash the orc priest!
The orc priest is almost dead.
You barely miss the orc priest. You miss the orc wizard.
The orc wizard hits you but does no damage.
The orc priest hits you but does no damage.
The orc priest miscasts a cantrip.
Unknown command.
You're too confused to move!
The orc priest hits you but does no damage.
The orc wizard gestures at you while chanting.
The puff of flame misses you.
The orc priest calls down the wrath of Beogh upon you.
Pain shoots through your body!
* * * LOW HITPOINT WARNING * * *
Unknown command.
It was a potion of curing.
You feel better.
The orc priest calls down the wrath of Beogh upon you.
Beogh smites you!
You die...

####..#.##.....................
#......##...................
##.##..........#............
###...........#............
#.......#......##.........
##............... ....
##........#...# ...
#.........#oo>#.....
##.........@oo......
#.#..###...##...... #.####
##.......#.. #.# #......... #.#
....##..... #.# ####.# .... #.#
.# . . #. .#


You could see 2 orc priests, an orc wizard and an orc.

Vanquished Creatures
  An orc priest (D:4)
  Terence (D:3)
  A gnoll (D:1)
  4 adders
  3 worms
  A dart slug (D:3)
  9 orcs (D:3)
  3 endoplasms
  5 goblins
  A hobgoblin (D:1)
  4 jackals (D:3)
  2 quokkas (D:1)
  11 ball pythons
  2 bats
  2 frilled lizards
  5 kobolds
  5 rats
60 creatures vanquished.

Notes
Turn   | Place    | Note
-------+----------+-------------------------------------------
     0 | D:1      | bande the Gargoyle Fighter began the quest for the Orb.
     0 | D:1      | Reached XP level 1. HP: 14/14 MP: 1/1
    26 | D:1      | Reached XP level 2. HP: 17/19 MP: 2/2
    39 | D:1      | Found a faded altar of an unknown god.
    58 | D:1      | Found Uvumm's Vocational Training.
   757 | D:2      | Reached XP level 3. HP: 15/24 MP: 3/3
   968 | D:2      | Found a stormy altar of Qazlal.
  1310 | D:3      | Reached XP level 4. HP: 26/29 MP: 4/4
  1405 | D:3      | Noticed Terence
  1421 | D:3      | Killed Terence
  1681 | D:3      | Reached XP level 5. HP: 32/33 MP: 5/5
  2588 | D:4      | Killed from afar by an orc priest

Illustrated notes

Levels and vault maps discovered:
D:1:      giann_forest_graveyard, layout_basic, ebering_ecumenical_altar_ruins,
          nicolae_shop_vocational
D:2:      layout_rooms, basic_altar
D:3:      layout_loops_ring, uniq_terence
D:4:      layout_cave_pools, lemuel_crystal_altar,
          mainiacjoe_overflow_tiny_flanked, kennysheep_generic_room_10,
          uniq_ijyb

Skill      XL: |  1  2  3  4  5 |
---------------+----------------+-----
Axes           | 2 3 |  3.5
Armour         | 4 |  4.4
Fighting       | 4 |  4.1
Shields        | 4 |  4.0

Action                   |  1- 3 |  4- 6 || total
-------------------------+-------+-------++-------
Melee: War axe           |    88 |   114 ||   202
  Use: Potion            |       |     1 ||     1
Armor: Scale mail        |    66 |    66 ||   132
       Chain mail        |       |    13 ||    13
Dodge: Dodged            |    49 |    39 ||    88
Block: Buckler           |    23 |    37 ||    60

Table legend: (Time is in decaauts)
 A = Elapsed time spent in this place.
 B = Non-inter-level travel time spent in this place.
 C = Inter-level travel time spent in this place.
 D = Time resting spent in this place.
 E = Time spent auto-exploring this place.
 F = Levels seen in this place.
 G = Mean time per level.
                   A        B        C        D        E       F      G
               +--------+--------+--------+--------+--------+-----+--------+
         Total |   2672 |   2608 |     64 |    428 |   1541 |   4 |  668.0 |
       Dungeon |   2672 |   2608 |     64 |    428 |   1541 |   4 |  668.0 |
               +--------+--------+--------+--------+--------+-----+--------+

Top non-repeatable levels by time:
     D:3: 1239 daAuts
     D:1: 760 daAuts
     D:2: 532 daAuts
     D:4: 140 daAuts
